 Dungeon Crawl Stone Soup version 0.24.0-37-gcf1ca852f1 (webtiles) character file.

Game seed: 16026954445332087520, levelgen mode: deterministic

17411 NochnoyZador the Grappler (level 12, -1/115 HPs)
             Began as a Troll Hunter on Nov 23, 2019.
             Was a High Priest of Okawaru.
             Slain by Rupert
             ... wielding a +5 great mace of holy wrath
              (27 damage)
             ... on level 12 of the Dungeon.
             The game lasted 01:01:50 (10097 turns).

NochnoyZador the Grappler (Troll Hunter)           Turns: 10097, Time: 01:01:51

Health: -1/115     AC: 12    Str: 24    XL:     12   Next: 18%
Magic:  15/15      EV: 10    Int:  7    God:    Okawaru [*****.]
Gold:   626        SH:  9    Dex: 13    Spells: 10/11 levels left

rFire    + . .     SeeInvis .     - Unarmed
rCold    . . .     Gourm    +   T - +0 shield {AC+3}
rNeg     . . .     Faith    .   O - +0 troll leather armour
rPois    .         Spirit   .   (helmet restricted)
rElec    .         Reflect  .   i - +0 cloak
rCorr    .         Harm     .   (gloves unavailable)
MR       .....                  (boots unavailable)
Stlth    ++........             G - amulet of regeneration
HPRegen  1.49/turn              L - ring of protection from fire
MPRegen  0.14/turn              (no ring)

@: very slightly contaminated
A: large, unfitting armour, claws 3, fast metabolism 3, gourmand, regeneration
1, shaggy fur 1, tough skin 3
a: Heroism, Finesse, Renounce Religion


You were on level 12 of the Dungeon.
You worshipped Okawaru.
Okawaru was extremely pleased with you.
You were completely stuffed.

You visited 2 branches of the dungeon, and saw 13 of its levels.
You also visited: Sewer.

You collected 626 gold pieces.

Inventory:

Hand Weapons
 v - a +0 hunting sling
 I - a +4 quarterstaff of chaos
 K - a +0 dire flail
 Q - a +2 shortbow of velocity
Missiles
 c - 13 large rocks
 d - a throwing net
 h - 345 stones
 l - 62 poisoned darts
 z - 96 bolts
 J - 221 arrows
 P - 47 sling bullets
 S - 15 boomerangs (quivered)
 X - 7 atropa-tipped darts
Armour
 i - a +0 cloak (worn)
 x - a +2 robe of the Archmagi
 O - a +0 troll leather armour (worn)
 T - a +0 shield of protection (worn)
 U - a +1 robe of magic resistance
Magical Staves
 a - an uncursed staff of earth
Jewellery
 y - an uncursed amulet of rage
 G - an amulet of regeneration (around neck)
 L - a ring of protection from fire (left claw)
Wands
 j - a wand of clouds (2)
 k - a wand of acid (16)
 H - a wand of disintegration (21)
 N - a wand of digging (5)
 R - a wand of polymorph (3)
Scrolls
 b - a scroll of silence
 e - 3 scrolls of magic mapping
 m - 8 scrolls of remove curse
 o - 3 scrolls of teleportation
 p - 2 scrolls of enchant armour {unknown}
 s - a scroll of identify
 u - a scroll of fog
 w - a scroll of fear {unknown}
 C - a scroll of blinking
 D - a scroll of random uselessness {unknown}
 E - 3 scrolls of amnesia
 M - 3 scrolls of noise {unknown}
Potions
 g - a potion of invisibility
 n - a potion of mutation
 q - a potion of lignification {unknown}
 r - a potion of agility
 t - a potion of might
 A - 4 potions of curing
 B - a potion of ambrosia
 F - 8 potions of flight
 Y - 2 potions of cancellation {unknown}
Miscellaneous
 V - a phantom mirror
Comestibles
 f - 28 rations
 W - 7 chunks of flesh


   Skills:
 + Level 6.4 Fighting
 + Level 6.8 Throwing
 + Level 2.3 Armour
 + Level 6.3 Dodging
 - Level 4.0 Stealth
 + Level 2.4 Shields
 + Level 11.0 Unarmed Combat
 + Level 4.1 Invocations
 + Level 5.5 Evocations


You had 10 spell levels left.
You knew the following spells:

 Your Spells              Type           Power        Failure   Level  Hunger
a - Confusing Touch       Hex            #.....       91%         1    ##.....

Your spell library contained the following spells:

 Spells                   Type           Power        Failure   Level  Hunger
 Corona                   Hex            #......      91%         1    ##.....
 Sting                    Conj/Pois      #...         91%         1    ##.....
 Blink                    Tloc           N/A          97%         2    ###....
 Ensorcelled Hibernation  Hex/Ice        #.....       97%         2    ###....
 Poisonous Vapours        Pois/Air       #.....       97%         2    ###....
 Shroud of Golubria       Chrm/Tloc      #.....       97%         2    ###....
 Confuse                  Hex            #.......     100%        3    ####...
 Dazzling Spray           Conj/Hex       #.....       100%        3    ####...
 Gell's Gravitas          Tloc           #.........   100%        3    ####...
 Ignite Poison            Fire/Tmut/Pois #.......     100%        3    ####...
 Lesser Beckoning         Tloc           #.........   100%        3    ####...
 Mephitic Cloud           Conj/Pois/Air  #.......     100%        3    ####...
 Teleport Other           Tloc           #.......     100%        3    ####...
 Tukima's Dance           Hex            #.......     100%        3    ####...
 Cause Fear               Hex            #.........   100%        4    #####..
 Olgreb's Toxic Radiance  Pois           #.......     100%        4    #####..
 Passage of Golubria      Tloc           N/A          100%        4    #####..
 Petrify                  Tmut/Erth      #.......     100%        4    #####..
 Fireball                 Conj/Fire      #.........   100%        5    ######.
 Metabolic Englaciation   Hex/Ice        #.........   100%        5    ######.
 Silence                  Hex/Air        #.........   100%        5    ######.
 Venom Bolt               Conj/Pois      #.........   100%        5    ######.
 Yara's Violent Unravell  Hex/Tmut       #.........   100%        5    ######.
 Bolt of Fire             Conj/Fire      #.........   100%        6    #######
 Deflect Missiles         Chrm/Air       #.........   100%        6    #######
 Ring of Flames           Chrm/Fire      #.........   100%        7    #######
 Discord                  Hex            #.........   100%        8    #######
 Ignition                 Fire           #.........   100%        8    #######


Dungeon Overview and Level Annotations

Branches:
Dungeon (12/15)            Temple (1/1) D:6            Lair (0/6) D:11
    Orc (0/2) D:12          Sewer (visited)

Altars:
Ashenzari
Cheibriados
Dithmenos
Elyvilon
Fedhas
Gozag
Hepliaklqana
Kikubaaqudgha
Makhleb
Nemelex Xobeh
Okawaru
Qazlal
Ru
Sif Muna
Trog
Uskayaw
Vehumet
Wu Jian
Xom
Yredelemnul
Zin
The Shining One

Shops:
D:9 (

Annotations:
D:8 1 runed translucent door
D:12 Rupert


Innate Abilities, Weirdness & Mutations

You are too large for most types of armour.
You have claws for hands.
Your metabolism is lightning-fast.
You like to eat raw meat.
Your natural rate of healing is unusually fast.
You are covered in fur. (AC +1)
You have extremely tough skin. (AC +3)


Message History

You see here a +0 shortbow.
Fire/throw which item? (* to show all) (? for menu, Esc to quit)
Throwing (i - inventory. (/) - cycle)
S - 15 boomerangs (quivered)
Press: ? - help, Shift-Dir - straight line, f - Rupert
Aim: Rupert, wielding a +5 great mace of holy wrath and wearing a +0 scale mail (moderately wounded, berserk, fast, unusually strong)
You throw a throwing net. The throwing net barely misses Rupert.
Rupert hits you with a +5 great mace of holy wrath!
* * * LOW HITPOINT WARNING * * *
Okay, then.
Press: ? - help, v - describe, . - travel
Here: Rupert, wielding a +5 great mace of holy wrath and wearing a +0 scale mail (moderately wounded, berserk, fast, unusually strong)
The floor.
There are monsters nearby!
Press: ? - help, v - describe, . - travel
Here: Rupert, wielding a +5 great mace of holy wrath and wearing a +0 scale mail (moderately wounded, berserk, fast, unusually strong)
The floor.
As you read the scroll of fog, it crumbles to dust.
The scroll dissolves into smoke.
Rupert hits you with a +5 great mace of holy wrath!!
You die...

#..# ##.## #
#..# # ##.##
# #..# #
##.## # #§§#
##§# #.#
#@###.#
#@§##.#
##§##.#
#..#.# ##.#.#
#g#.# #.#÷#
#...#
##..#####.###


You could see Rupert (berserk).

Vanquished Creatures
  Snorg (D:11)
  Erolcha (D:9)
  Erica (D:9)
  2 two-headed ogres
  A shadow wraith (D:11)
  A cyclops (D:12)
  A deep elf mage (D:12)
  3 ugly things
  Pikel (D:9)
  A manticore (D:11)
  A gargoyle (D:12)
  Psyche (D:9)
  2 trolls
  A queen bee (D:11)
  A hornet (D:11)
  Grinder (Sewer)
  2 hippogriffs (D:8)
  2 vampires
  A spriggan (D:9)
  A wyvern (D:11)
  Grum (D:8)
  A hungry ghost (D:10)
  2 vampire mosquitoes (D:11)
  2 acid dragons
  A soldier ant (D:11)
  Duvessa (D:6)
  2 water moccasins
  4 orc warriors
  A necrophage (Sewer)
  2 ice beasts
  2 black bears
  3 phantoms
  4 wolves (D:8)
  4 ogres
  8 centaurs
  A crocodile (D:10)
  4 big kobolds
  6 bullfrogs
  Dowan (D:6)
  A wyvern skeleton (D:4)
  2 scorpions
  36 killer bees
  A water moccasin skeleton (D:10)
  4 wights
  A howler monkey (D:6)
  4 crimson imps
  2 quasits
  3 bullfrog zombies (D:12)
  4 hounds
  A jelly (D:8)
  A gnoll shaman (D:4)
  4 orc priests
  3 bullfrog skeletons
  4 centaur skeletons
  Crazy Yiuf (D:7)
  7 orc wizards
  5 worker ants
  2 iguanas
  A killer bee zombie (D:6)
  3 big kobold zombies (Sewer)
  2 worker ant zombies
  10 gnolls
  A howler monkey skeleton (D:8)
  11 adders
  2 river rats (D:5)
  10 shadow imps
  An ufetubus (Sewer)
  An ooze (Sewer)
  An adder zombie (D:8)
  3 dart slugs
  4 worms
  7 leopard geckos
  33 orcs
  8 giant cockroaches
  7 hobgoblins
  4 jackals (D:10)
  24 kobolds
  3 quokkas
  2 ball pythons
  10 bats
  4 frilled lizards
  16 goblins
  A kobold zombie (Sewer)
  7 rats
338 creatures vanquished.

Vanquished Creatures (others)
  A phantom (D:9)
  5 kobolds (D:9)
6 creatures vanquished.

Grand Total: 344 creatures vanquished

Notes
Turn   | Place    | Note
-------+----------+-------------------------------------------
     0 | D:1      | NochnoyZador the Troll Hunter began the quest for the Orb.
     0 | D:1      | Reached XP level 1. HP: 19/19 MP: 0/0
    73 | D:1      | Reached skill level 1 in Unarmed Combat
   115 | D:1      | Reached XP level 2. HP: 27/27 MP: 1/1
   370 | D:1      | Reached skill level 2 in Unarmed Combat
   419 | D:1      | Reached XP level 3. HP: 33/33 MP: 2/2
  1067 | D:2      | Reached XP level 4. HP: 41/41 MP: 3/3
  1346 | D:3      | Reached skill level 3 in Unarmed Combat
  1430 | D:3      | Found a burning altar of Makhleb.
  1512 | D:3      | Reached XP level 5. HP: 48/48 MP: 4/4
  2118 | D:4      | Reached skill level 5 in Throwing
  2138 | D:4      | Noticed a phantom
  2148 | D:4      | Killed a phantom
  2148 | D:4      | Reached skill level 4 in Unarmed Combat
  2148 | D:4      | Reached XP level 6. HP: 38/55 MP: 5/5
  2241 | D:4      | Reached skill level 5 in Unarmed Combat
  2454 | D:4      | Reached skill level 6 in Unarmed Combat
  2454 | D:4      | Reached XP level 7. HP: 62/62 MP: 6/6
  2666 | D:5      | Entered Level 5 of the Dungeon
  2668 | D:5      | Found an opulent altar of Gozag.
  2814 | D:5      | Found a glowing drain.
  2831 | Sewer    | Entered a sewer
  2952 | Sewer    | Reached skill level 7 in Unarmed Combat
  3087 | Sewer    | Found an ancient bone altar of Kikubaaqudgha.
  3092 | Sewer    | Noticed Grinder
  3098 | Sewer    | Paralysed by Grinder for 7 turns
  3115 | Sewer    | Killed Grinder
  3115 | Sewer    | Reached skill level 8 in Unarmed Combat
  3115 | Sewer    | Reached XP level 8. HP: 53/70 MP: 7/7
  3428 | D:5      | Found a basalt altar of Yredelemnul.
  3444 | D:5      | Reached skill level 1 in Stealth
  3612 | D:5      | Reached skill level 1 in Evocations
  4219 | D:6      | Found a staircase to the Ecumenical Temple.
  4229 | Temple   | Entered the Ecumenical Temple
  4561 | Temple   | Became a worshipper of Warmaster Okawaru
  4597 | D:6      | Noticed Duvessa
  4598 | D:6      | Noticed Dowan
  4632 | D:6      | Killed Duvessa
  4643 | D:6      | Killed Dowan
  4643 | D:6      | Reached XP level 9. HP: 73/80 MP: 9/9
  4796 | D:6      | Found a glowing silver altar of Zin.
  4812 | D:6      | Reached skill level 9 in Unarmed Combat
  4878 | D:6      | Reached * piety under Okawaru
  4895 | D:6      | Reached skill level 1 in Invocations
  4906 | D:6      | Found a hazy altar of Hepliaklqana.
  4995 | D:6      | Noticed a troll
  5143 | D:7      | Found a runed translucent door.
  5144 | D:7      | Noticed Crazy Yiuf
  5196 | D:7      | Killed Crazy Yiuf
  5274 | D:7      | Found a shimmering altar of Xom.
  5275 | D:7      | Found a shimmering altar of Xom.
  5275 | D:7      | Found a shimmering altar of Xom.
  5276 | D:7      | Found a shimmering altar of Xom.
  5843 | D:8      | Noticed a brown ugly thing
  5926 | D:8      | Reached ** piety under Okawaru
  5929 | D:8      | Noticed Grum
  5948 | D:8      | Killed Grum
  5986 | D:8      | Found a glowing silver altar of Zin.
  5986 | D:8      | Noticed an angel
  5987 | D:8      | Found a runed translucent door.
  6213 | D:8      | Reached XP level 10. HP: 23/92 MP: 11/11
  6459 | D:8      | Killed a brown ugly thing
  6459 | D:8      | Reached *** piety under Okawaru
  6795 | D:9      | Found a sparkling altar of Nemelex Xobeh.
  6797 | D:9      | Found a burning altar of Makhleb.
  6823 | D:9      | Noticed Psyche
  6839 | D:9      | Killed Psyche
  6965 | D:9      | Found Anouxos's Antique Weapon Shoppe.
  6986 | D:9      | Reached **** piety under Okawaru
  7036 | D:9      | Noticed Pikel
  7046 | D:9      | Killed Pikel
  7116 | D:9      | Reached skill level 10 in Unarmed Combat
  7203 | D:9      | Found an iron altar of Okawaru.
  7233 | D:9      | Noticed Erolcha
  7236 | D:9      | Killed Erolcha
  7236 | D:9      | Reached skill level 5 in Fighting
  7236 | D:9      | Reached skill level 5 in Dodging
  7481 | D:9      | Noticed Erica
  7498 | D:9      | Killed Erica
  7498 | D:9      | Reached ***** piety under Okawaru
  7498 | D:9      | Received a gift from Okawaru
  7498 | D:9      | Reached XP level 11. HP: 82/104 MP: 13/13
  7819 | D:10     | Entered Level 10 of the Dungeon
  7895 | D:10     | Found a white marble altar of Elyvilon.
  7895 | D:10     | Noticed a red ugly thing
  7899 | D:10     | Killed a red ugly thing
  7899 | D:10     | Received a gift from Okawaru
  7908 | D:10     | Noticed a two-headed ogre
  7920 | D:10     | Killed a two-headed ogre
  8075 | D:10     | Received a gift from Okawaru
  8458 | D:10     | Found a sacrificial altar of Ru.
  8582 | D:11     | Reached skill level 5 in Evocations
  8607 | D:11     | Paralysed by a hornet for 2 turns
  8733 | D:11     | Reached skill level 1 in Armour
  8733 | D:11     | Reached skill level 1 in Shields
  8909 | D:11     | Found a staircase to the Lair.
  9393 | D:11     | Killed a shadow wraith
  9607 | D:11     | Noticed a two-headed ogre
  9627 | D:11     | Killed a two-headed ogre
  9634 | D:12     | Noticed Snorg
  9730 | D:11     | Killed Snorg
  9730 | D:11     | Reached XP level 12. HP: 62/114 MP: 8/15
  9873 | D:12     | Reached skill level 11 in Unarmed Combat
  9894 | D:12     | Learned a level 1 spell: Confusing Touch
 10031 | D:12     | Found a staircase to the Orcish Mines.
 10070 | D:12     | Noticed Rupert
 10097 | D:12     | Slain by Rupert

Levels and vault maps discovered:
D:1:      sevenhm_arrival_forest_fort_small_4, layout_rooms
D:2:      minmay_diamond_boxcup, layout_loops_cross
D:3:      corexii_shack_village, layout_basic, bloody_makhleb
D:4:      layout_basic, first_ration, minmay_misc_feat_nine_boxes,
          kennysheep_generic_room_7
D:5:      layout_cave_pods, yredelemnul_altar_generic, portal_sewer_entry_b,
          grunt_gozag_statues
D:6:      layout_rooms, kennysheep_little_box, minmay_temple_entry_large_hall,
          basic_altar, uniq_duvessa
D:7:      layout_rooms, xom_redecorated, uniq_crazy_yiuf_cottage
D:8:      layout_rooms, lemuel_angel_altar, uniq_grum
D:9:      layout_gridville, nicolae_overflow_hidden_temple, serial_shops,
          nicolae_shop_waterfront, grunt_pizzeria,
          chequers_serial_rivers_micro_c, lemuel_centaur_altar, uniq_psyche,
          uniq_erica, uniq_erolcha, uniq_pikel
D:10:     layout_loops_ring, basic_altar, elyvilon_altar_5
D:11:     layout_loops_cross, lair_entry_dummy, special_room [special_room_bee],
          small_chamber_with_monster, st_stairs_1, minmay_misc_feat_roman
D:12:     layout_basic, orc_0_dummy, uniq_snorg, uniq_rupert
Temple:   hc_temple_tempest_star

Skill      XL: |  1  2  3  4  5  6  7  8  9 10 11 12 |
---------------+-------------------------------------+-----
Unarmed Combat | 1 2 3 4 6 8 9 10 11 | 11.0
Throwing       | 4 5 6 |  6.8
Dodging        | 2 3 5 6 |  6.3
Stealth        | 1 2 3 4 |  4.0
Fighting       | 2 3 5 6 |  6.4
Evocations     | 1 3 4 5 |  5.5
Invocations    | 2 3 4 |  4.1
Armour         | 1 2 |  2.3
Shields        | 2 |  2.4

Action                   |  1- 3 |  4- 6 |  7- 9 | 10-12 || total
-------------------------+-------+-------+-------+-------++-------
Melee: Unarmed           |   108 |   128 |   415 |   469 ||  1120
       Punch             |     2 |     1 |     7 |     5 ||    15
Throw: Boomerang         |       |    23 |     3 |    71 ||    97
       Throwing net      |       |     3 |       |     2 ||     5
       Stone             |       |       |       |    42 ||    42
       Large rock        |       |       |       |    13 ||    13
       Dart              |       |       |       |     3 ||     3
Invok: Heroism           |       |       |       |     3 ||     3
       Finesse           |       |       |       |     1 ||     1
  Use: Scroll            |       |     6 |     7 |    10 ||    23
       Potion            |       |       |     4 |     7 ||    11
 Stab: Sleeping          |     2 |       |       |     9 ||    11
  Eat: Chunk             |    15 |    13 |    35 |    50 ||   113
Armor: Robe              |    32 |    46 |   180 |    56 ||   314
       Troll leather arm |       |       |       |   163 ||   163
Dodge: Dodged            |    44 |    58 |   244 |   291 ||   637
Block: Shield            |       |       |       |   153 ||   153
